Map: Ruins of Endion

Players

Fropez

  • Race: Protoss Protoss
  • League: Silver
  • Spawn Location: 7:00

Xenomorph - Winner!

  • Race: Zerg Zerg
  • League: Silver
  • Spawn Location: 5:00

VOD

Have the link to the VOD?

Description

Time

  • Played on: May 10, 2016, 12:06 p.m.
  • Length: 10:42
Show
View Real Time Build Order
Export as new Build Order

Fropez Protoss 

Build Orders:  

Get SALT Encoding   

  12  0:01  Probe (Chrono Boost)  
  13  0:16  Pylon  
  13  0:23  Probe (Chrono Boost)  
  14  0:28  Assimilator  
  14  0:40  Gateway  
  14  0:48  Pylon  
  14  0:51  Probe (Chrono Boost)  
  15  1:04  Pylon  
  15  1:08  Probe (Chrono Boost)  
  15  1:18  Probe (Chrono Boost)  
  16  1:23  Assimilator  
  16  1:29  Cybernetics Core  
  16  1:35  Probe (Chrono Boost)  
  17  1:45  Probe (Chrono Boost)  
  18  1:47  Assimilator  
  18  1:56  Probe (Chrono Boost)  
  19  2:04  Pylon  
  19  2:08  Mothership Core (Chrono Boost)  
  21  2:12  Warp Gate (Chrono Boost)  
  21  2:18  Adept  
  23  2:45  Adept  
  23  2:49  Pylon  
  25  2:55  Probe  
  26  3:08  Probe  
  26  3:09  Gateway  
  27  3:49  Probe  
  27  3:52  Pylon  
  26  3:56  Gateway  
  26  4:01  Probe  
  27  4:10  Adept  
  27  4:12  Adept  
  31  4:20  Probe (Chrono Boost)  
  32  4:31  Nexus, Probe (Chrono Boost)  
  31  4:42  Probe (Chrono Boost)  
  31  4:45  Zealot x2  
  34  4:52  Probe (Chrono Boost)  
  33  5:01  Adept  
  33  5:03  Pylon  
  35  5:14  Adept x2  
  35  5:34  Probe (Chrono Boost)  
  34  5:44  Probe (Chrono Boost)  
  34  5:46  Adept  
  34  5:47  Adept x2  
  34  5:48  Probe (Chrono Boost)  
  42  5:55  Probe (Chrono Boost)  
  43  5:58  Probe (Chrono Boost)  
  44  6:05  Probe (Chrono Boost)  
  44  6:08  Assimilator  
  45  6:11  Assimilator  
  45  6:13  Pylon  
  35  6:26  Stalker  
  37  6:38  Robotics Facility  
  37  6:42  Robotics Facility  
  37  6:43  Zealot x2  
  37  6:45  Pylon  
  41  6:56  Forge  
  41  7:01  Zealot  
  43  7:06  Probe (Chrono Boost)  
  43  7:07  Probe (Chrono Boost)  
  45  7:18  Twilight Council, Probe (Chrono Boost)  
  45  7:19  Probe (Chrono Boost)  
  47  7:26  Immortal (Chrono Boost)  
  51  7:33  Immortal (Chrono Boost)  
  55  7:40  Probe  
  55  7:43  Stalker  
  58  8:01  Immortal (Chrono Boost)  
  60  8:06  Zealot x2  
  62  8:21  Immortal (Chrono Boost)  
  66  8:34  Zealot x3  
  76  8:41  Immortal (Chrono Boost)  
  76  8:57  Resonating Glaives (Chrono Boost)  
  78  9:03  Immortal (Chrono Boost)  
  78  9:09  Adept x3  
  84  9:15  Immortal (Chrono Boost)  
  88  9:27  Probe x2  
  90  9:32  Zealot  
  90  9:33  Zealot  
  90  9:36  Immortal  
  98  10:00  Pylon  
  98  10:06  Stalker x3  
  98  10:08  Pylon  
Show
View Real Time Build Order
Export as new Build Order

Xenomorph Zerg - Winner!

Build Orders: Hatch First 

Get SALT Encoding   

  12  0:01  Drone  
  13  0:07  Drone  
  14  0:17  Overlord  
  15  0:35  Drone x2  
  15  0:36  Drone  
  17  0:51  Drone  
  18  0:59  Hatchery  
  17  1:13  Spawning Pool  
  17  1:16  Drone  
  17  1:19  Extractor  
  17  1:22  Drone  
  17  1:25  Drone  
  18  1:29  Drone  
  19  1:44  Drone  
  20  1:51  Overlord  
  20  2:08  Roach Warren  
  19  2:10  Queen  
  19  2:11  Queen  
  19  2:13  Drone  
  24  2:22  Drone  
  25  2:24  Extractor  
  25  2:26  Drone x2  
  26  2:38  Overlord  
  26  2:46  Lair  
  26  2:52  Drone x2  
  26  2:58  Drone x2  
  30  3:00  Drone  
  31  3:14  Overlord  
  31  3:21  Evolution Chamber  
  31  3:26  Roach x3  
  35  3:41  Roach  
  35  3:42  Roach x2  
  35  3:48  Zerg Missile Weapons Level 1  
  40  3:56  Roach  
  40  3:57  Pneumatized Carapace  
  40  4:02  Drone x2  
  44  4:03  Overlord  
  44  4:14  Overlord  
  44  4:16  Glial Reconstitution  
  44  4:25  Drone x2  
  44  4:27  Drone x2  
  48  4:59  Spire, Drone x4  
  51  5:00  Drone  
  51  5:01  Drone x2  
  51  5:02  Drone  
  51  5:04  Extractor x2  
  53  5:10  Overlord  
  47  5:48  Burrow  
  47  5:49  Drone  
  48  5:50  Roach x3  
  48  5:51  Roach  
  56  6:01  Spine Crawler  
  56  6:03  Spine Crawler  
  54  6:05  Spine Crawler  
  53  6:11  Zerg Ground Armor Level 1  
  53  6:15  Roach x2  
  53  6:16  Roach x6  
  67  6:28  Drone  
  67  6:31  Overlord  
  68  6:45  Overlord  
  68  6:56  Drone x2  
  68  6:57  Drone  
  71  7:01  Spine Crawler  
  71  7:02  Spine Crawler  
  71  7:03  Spore Crawler  
  71  7:06  Spine Crawler, Drone  
  68  7:12  Drone  
  69  7:25  Drone  
  70  7:30  Drone x2  
  70  7:31  Drone  
  70  7:35  Ravager x3  
  70  7:36  Ravager  
  77  7:47  Overlord  
  74  8:36  Mutalisk x4  
  74  8:37  Mutalisk  
  74  8:38  Overlord  
  84  8:41  Overlord  
  84  8:47  Zerg Flyer Armor Level 1  
  82  9:04  Mutalisk x2  
  86  9:10  Mutalisk  
  86  9:11  Mutalisk x4  
  86  9:12  Mutalisk x2  
  100  9:28  Spine Crawler  
  100  9:29  Spine Crawler  
  98  9:36  Overlord x2  
  98  9:46  Overlord  
  98  9:47  Overlord  
  98  9:48  Overlord  
Tags
 
Matchup
PvZ
Replay Pack
All Mines
Spawn Locations
Close Positions
Add a new tag
Caveats
  • Supply blocks, unpowered buildings, or Contaminate may cause inaccurate times.
  • Supply counts are checked every 10 seconds.